 Dungeon Crawl Stone Soup version 0.17.0-28-g6e173f8 (webtiles) character file.

123 lorenzova the Conjurer (level 4, -2/24 HPs)
             Began as a Deep Elf Conjurer on Nov 30, 2015.
             Slain by AAAAA's ghost (17 damage)
             ... in a sewer.
             The game lasted 00:07:22 (2319 turns).

lorenzova the Conjurer (Deep Elf Conjurer)          Turns: 2319, Time: 00:07:22

Health: -2/24      AC:  2    Str:  5    XL:     4   Next: 79%
Magic:  0/12       EV: 13    Int: 21    God:
Gold:   119        SH:  0    Dex: 15    Spells: 3 memorised, 4 levels left

rFire  . . .     SeeInvis .     s - staff of wizardry
rCold  + . .     Clarity  .     a - +0 robe
rNeg   . . .     SustAt   .     (no shield)
rPois  .         Gourm    .     (no helmet)
rElec  .         Spirit   .     (no cloak)
rCorr  .         Warding  .     (no gloves)
rMut   .         Stasis   .     (no boots)
MR     .....                    (no amulet)
Stlth  +.........               (no ring)
                                k - ring of protection from cold

@: not resistant to hostile enchantments, very unstealthy
A: no striking features
a: no special abilities


You were in a sewer.
You were hungry.

You visited 1 branch of the dungeon, and saw 3 of its levels.
You also visited: Sewer.

You collected 119 gold pieces.

Inventory:

Armour
 a - a +0 robe (worn)
Magical Staves
 s - an uncursed staff of wizardry (weapon)
Jewellery
 k - a ring of protection from cold (left hand)
Scrolls
 e - 2 scrolls of immolation {unknown}
 i - 3 scrolls of identify {unknown}
 j - a scroll of remove curse {unknown}
 l - a scroll of teleportation {unknown}
 n - a scroll of fear {unknown}
 o - a scroll of enchant armour {unknown}
 q - a scroll of noise {unknown}
Potions
 d - 2 potions of curing {unknown}
 g - a potion of haste {unknown}
 h - a potion of ambrosia {unknown}
 m - a potion of brilliance {unknown}
 p - 2 potions of degeneration {unknown}
 t - a potion of magic {unknown}
 u - a potion of might {unknown}
Books
 b - a book of Conjurations

   Spells                             Type                      Level
   a - Magic Dart                     Conjuration                  1
   b - Searing Ray                    Conjuration                  2
   c - Dazzling Spray                 Conjuration/Hexes            3
   d - Fulminant Prism                Conjuration/Hexes            4
   e - Iskenderun's Mystic Blast      Conjuration                  4
   f - Iskenderun's Battlesphere      Conjuration/Charms           5
Comestibles
 c - 4 bread rations
 f - 2 slices of pizza
 r - a meat ration
 v - 2 chunks of flesh


   Skills:
 - Level 2.4 Dodging
 - Level 2.4 Stealth
 + Level 4.6 Spellcasting
 * Level 6.1 Conjurations


You had 4 spell levels left.
You knew the following spells:

 Your Spells              Type           Power        Failure   Level  Hunger
a - Magic Dart            Conj           ####         1%          1    None
b - Dazzling Spray        Conj/Hex       ###.....     4%          3    ##.....
c - Iskenderun's Mystic   Conj           ####....     4%          4    ####...


Dungeon Overview and Level Annotations

Branches:
Dungeon (3/15)

Altars:
Dithmenos
Fedhas
Xom

Annotations:
Sewer AAAAA's ghost, amateur OgGl


Message History

The spray of energy hits the ball python.
You kill the ball python!
You are feeling hungry.
Casting: Dazzling Spray
Confirm with . or Enter, or press ? or * to list all spells.
Aiming: Dazzling Spray
Press: ? - help, Shift-Dir - straight line, f/p - AAAAA's ghost
Aim: AAAAA's ghost (lightly damaged)
The spray of energy misses AAAAA's ghost.
AAAAA's ghost hits you!
Casting: Dazzling Spray
Confirm with . or Enter, or press ? or * to list all spells.
Aiming: Dazzling Spray
Press: ? - help, Shift-Dir - straight line, f/p - AAAAA's ghost
Aim: AAAAA's ghost (lightly damaged)
The spray of energy hits AAAAA's ghost.
AAAAA's ghost is lightly damaged.
AAAAA's ghost hits you!
Ouch! That really hurt!
You die...

≈≈≈≈≈≈≈≈≈≈≈≈≈≈≈≈≈
≈≈≈≈≈≈≈≈≈≈≈≈≈≈≈≈≈
≈≈≈≈≈≈≈≈≈≈≈≈≈≈≈≈≈≈≈
#≈≈≈≈≈≈≈≈≈≈≈≈≈≈≈≈≈≈≈
##≈≈≈≈≈≈≈≈≈≈≈≈≈≈≈≈≈≈≈
##≈≈≈≈≈≈≈≈≈≈≈≈≈≈.W≈≈≈≈
≈≈≈≈≈≈≈≈≈≈≈≈≈≈####≈≈≈≈
#≈≈≈≈≈≈≈≈≈≈≈W## ≈
##≈≈≈≈≈≈≈≈≈≈≈@#
#≈≈≈≈≈≈≈≈≈≈.≈.#
≈≈≈≈≈≈≈≈≈.≈#.##
#≈≈≈≈≈≈≈≈≈≈###
#≈≈≈≈≈≈≈≈#.#
#≈≈≈≈≈≈≈####
≈≈≈≈≈≈≈≈≈###
≈≈≈≈≈≈≈≈≈∩.#
≈≈≈≈≈≈≈≈≈∩##


You could see AAAAA's ghost.

Vanquished Creatures
  3 gnolls
  3 adders
  3 worms (D:2)
  An orc (D:3)
  9 bats
  7 giant cockroaches
  8 goblins
  6 hobgoblins
  4 jackals (D:1)
  A quokka (D:2)
  3 ball pythons
  2 giant newts
  8 kobolds
  6 rats
64 creatures vanquished.

Notes
Turn   | Place    | Note
--------------------------------------------------------------
     0 | D:1      | lorenzova the Deep Elf Conjurer began the quest for the Orb.
     0 | D:1      | Reached XP level 1. HP: 10/10 MP: 6/6
   179 | D:1      | Reached XP level 2. HP: 15/15 MP: 5/8
   352 | D:1      | Reached skill level 5 in Conjurations
   657 | D:2      | Found a shadowy altar of Dithmenos.
   662 | D:2      | Reached XP level 3. HP: 19/19 MP: 7/10
   667 | D:2      | Learned a level 3 spell: Dazzling Spray
  1059 | D:2      | Found a shimmering altar of Xom.
  1298 | D:2      | Reached XP level 4. HP: 24/24 MP: 6/12
  1346 | D:2      | Learned a level 4 spell: Iskenderun's Mystic Blast
  2036 | D:3      | Found a blossoming altar of Fedhas.
  2225 | D:3      | Found a glowing drain.
  2236 | D:3      | Reached skill level 6 in Conjurations
  2293 | Sewer    | Entered a sewer
  2311 | Sewer    | Noticed AAAAA's ghost (amateur OgGl)
  2319 | Sewer    | Slain by AAAAA's ghost

Action                   |  1- 3 |  4- 6 || total
-------------------------+-------+-------++-------
Melee: Unarmed           |     1 |     2 ||     3
 Cast: Magic Dart        |    69 |    47 ||   116
       Dazzling Spray    |     3 |     6 ||     9
  Eat: Chunk             |     1 |     3 ||     4
